[Event "ICC tourney 1932 (15 5)"]
[Site "Internet Chess Club"]
[Date "2020.07.24"]
[Round "2"]
[White "hackerguru"]
[Black "playtowin2020"]
[Result "1-0"]
[ICCResult "Black resigns"]
[WhiteElo "1475"]
[BlackElo "1199"]
[Opening "Réti opening"]
[ECO "A30"]
[NIC "EO.34"]
[Time "18:00:42"]
[TimeControl "900+5"]

1. Nf3 c5 2. c4 Nc6 3. Nc3 g6 4. e3 Bg7 5. d4 cxd4 6. exd4 d6 7. Be3 Bg4 8.
Be2 Nf6 9. d5 Bxf3 10. Bxf3 Ne5 11. Be2 O-O 12. O-O Rc8 13. b3 a6 14. Rc1
Ned7 15. Qd2 Nc5 16. Bh6 Nce4 17. Nxe4 Nxe4 18. Qe3 Bxh6 19. Qxh6 Qa5 20.
Qe3 f5 21. f3 Qc5 22. Qxc5 Nxc5 23. Rc3 f4 24. Rfc1 a5 25. a3 b6 26. b4 axb4
27. axb4 Na6 28. Rb3 b5 29. Kf2 Rc7 30. c5 dxc5 31. Bxb5 cxb4 32. Rc6 Rxc6
33. dxc6 Nc5 34. Rxb4 Kg7 35. Rc4 Nd3+ 36. Ke2 Ne5 37. Rc5 Nf7 38. c7 Nd6
39. Ba6 Ra8 40. Rc6 Kf7 41. Rxd6 exd6 42. c8=Q Rxc8 43. Bxc8 Kf6 44. g3 Ke5
45. g4 g5 46. Kd3 d5 47. Bb7 h6 48. h3 Kf6 49. Bxd5 Kg6 50. Ke4 h5 51. Ke5
hxg4 52. hxg4 Kg7 53. Kf5 Kh6 54. Kf6 Kh7 55. Kxg5 Kg7 56. Kxf4 Kf6 57. g5+
Kg6 58. Kg4 {Black resigns} 1-0

[Event "ICC tourney 1932 (15 5)"]
[Site "Internet Chess Club"]
[Date "2020.07.24"]
[Round "2"]
[White "salamenceg"]
[Black "AmyMGL"]
[Result "1/2-1/2"]
[ICCResult "Game drawn by repetition"]
[WhiteElo "1176"]
[BlackElo "1404"]
[Opening "Sicilian: Kan variation"]
[ECO "B41"]
[NIC "SI.41"]
[Time "18:00:35"]
[TimeControl "900+5"]

1. e4 c5 2. Nf3 e6 3. d4 cxd4 4. Nxd4 a6 5. Be2 Nf6 6. Nc3 Qc7 7. Be3 Bb4 8.
Qd2 d5 9. exd5 Nxd5 10. O-O Nxc3 11. bxc3 Bxc3 12. Qd3 Bxa1 13. Rxa1 O-O 14.
Nf3 Nc6 15. Ng5 g6 16. Bc5 Rd8 17. Qh3 h5 18. Bxh5 gxh5 19. Qxh5 f6 20. Bb6
Qe7 21. Bxd8 Nxd8 22. Qg6+ Kh8 23. Qh6+ Kg8 24. Qg6+ Kh8 25. Qh6+ Kg8 26.
Qg6+ Qg7 27. Qe8+ Qf8 28. Qg6+ Qg7 29. Qe8+ Qf8 30. Qg6+ Qg7 31. Qe8+ Qf8
32. Qg6+ Qg7 {Game drawn by repetition} 1/2-1/2

[Event "ICC tourney 1932 (15 5)"]
[Site "Internet Chess Club"]
[Date "2020.07.24"]
[Round "2"]
[White "craigsholl66"]
[Black "NonnaThat"]
[Result "0-1"]
[ICCResult "White checkmated"]
[WhiteElo "1331"]
[BlackElo "1738"]
[Opening "Sicilian: Canal-Sokolsky (Nimzovich-Rossolimo, Moscow) attack"]
[ECO "B51"]
[NIC "SI.01"]
[Time "18:01:30"]
[TimeControl "900+5"]

1. e4 c5 2. Nf3 d6 3. Bb5+ Nd7 4. O-O Nf6 5. Re1 a6 6. Bf1 e5 7. c3 Be7 8.
d4 O-O 9. g3 b5 10. Bg2 Bb7 11. d5 c4 12. Nh4 Nc5 13. Nf5 Nd3 14. Rf1 Bc8
15. Nxe7+ Qxe7 16. Bg5 Nxb2 17. Qc2 Nd3 18. a4 Bd7 19. Na3 Rfc8 20. axb5
axb5 21. Rfb1 h6 22. Bxf6 Qxf6 23. Ra2 Ra5 24. Rba1 Rca8 25. Bf1 Nc5 26. Qb2
Nxe4 27. h3 Qf3 28. Rc1 Rxa3 29. Rxa3 Rxa3 30. Qxa3 Qxf2+ 31. Kh1 Nxg3#
{White checkmated}
0-1

[Event "ICC tourney 1932 (15 5)"]
[Site "Internet Chess Club"]
[Date "2020.07.24"]
[Round "2"]
[White "JosephLevine"]
[Black "Openyagami"]
[Result "0-1"]
[ICCResult "White checkmated"]
[WhiteElo "1419"]
[BlackElo "1444"]
[Opening "Sicilian: Labourdonnais-Löwenthal (Kalashnikov) variation"]
[ECO "B32"]
[NIC "SI.32"]
[Time "18:00:36"]
[TimeControl "900+5"]

1. e4 c5 2. Nf3 Nc6 3. d4 cxd4 4. Nxd4 e5 5. Nb5 d6 6. c4 g6 7. Be2 Be6 8.
O-O Rc8 9. b3 a6 10. N5c3 Bh6 11. Ba3 Nd4 12. Nd2 Ne7 13. Nf3 Nec6 14. Nxd4
Nxd4 15. Bg4 Bxg4 16. Qxg4 O-O 17. Rad1 b5 18. Ne2 Qg5 19. Qxg5 Nxe2+ 20.
Kh1 Bxg5 21. Rxd6 bxc4 22. bxc4 Be7 23. Rxa6 Bxa3 24. Rxa3 Rxc4 25. Re3 Nd4
26. h4 Ra8 27. f4 exf4 28. Rxf4 Rxa2 29. e5 Nf5 30. Rxc4 Nxe3 31. Rc8+ Kg7
32. Rc7 Ng4 33. g3 Nxe5 34. Rc3 Kf6 35. Re3 Kf5 36. Rb3 Kg4 37. Kg1 Nf3+ 38.
Kf1 Kxg3 39. h5 Rf2# {White checkmated} 0-1

[Event "ICC tourney 1932 (15 5)"]
[Site "Internet Chess Club"]
[Date "2020.07.24"]
[Round "2"]
[White "chesslin"]
[Black "Tacticsguy52"]
[Result "1-0"]
[ICCResult "Black forfeits on time"]
[WhiteElo "1765"]
[BlackElo "1307"]
[Opening "Queen's pawn, Mason variation"]
[ECO "D00"]
[NIC "QP.08"]
[Time "18:01:30"]
[TimeControl "900+5"]

1. d4 d5 2. Bf4 Nf6 3. e3 e6 4. Nd2 c5 5. c3 Nc6 6. Ngf3 Bd6 7. Bg3 O-O 8.
Bd3 Re8 9. Ne5 Qc7 10. f4 Ne7 11. Qf3 Ng6 12. O-O b6 13. Rae1 Bb7 14. Kh1
Nd7 15. e4 Ndxe5 16. fxe5 Bf8 17. exd5 Bxd5 18. Qh5 Qb7 19. Rf2 cxd4 20.
Ref1 Re7 21. cxd4 Rd8 22. Kg1 Rc7 23. Bb1 Bc6 24. Rf4 Bc5 25. dxc5 Rxd2 26.
R4f2 Rxf2 27. Rxf2 bxc5 28. h4 Be4 29. Bxe4 Qxe4 30. Qg5 Rc8 31. h5 Nf8 32.
Rf4 Qb1+ 33. Kh2 Re8 34. Rg4 g6 35. Rf4 Nd7 36. Qh6 Nf8 37. Bh4 Nd7 38. Bf6
Nxf6 39. exf6 {Black forfeits on time} 1-0

[Event "ICC tourney 1932 (15 5)"]
[Site "Internet Chess Club"]
[Date "2020.07.24"]
[Round "2"]
[White "rhungaski"]
[Black "londonkid"]
[Result "1/2-1/2"]
[ICCResult "Game drawn because neither player has mating material"]
[WhiteElo "1443"]
[BlackElo "1364"]
[Opening "Nimzo-Indian: classical variation"]
[ECO "E32"]
[NIC "NI.24"]
[Time "18:00:35"]
[TimeControl "900+5"]

1. d4 Nf6 2. c4 e6 3. Nc3 Bb4 4. Qc2 O-O 5. Nf3 b6 6. Bg5 Bb7 7. e3 h6 8.
Bh4 d6 9. O-O-O Bxc3 10. Qxc3 Nbd7 11. Be2 c5 12. dxc5 Nxc5 13. Bxf6 Qxf6
14. Qxf6 gxf6 15. Rxd6 Ne4 16. Rd7 Bc6 17. Rc7 Rfc8 18. Rxc8+ Rxc8 19. Rf1
b5 20. Nd2 Nxd2 21. Kxd2 bxc4 22. Kc3 Bd5 23. f3 f5 24. Rd1 Rc5 25. Rd4 e5
26. Rh4 Kg7 27. Kb4 Rc8 28. Bxc4 a5+ 29. Kb3 a4+ 30. Kb4 Rb8+ 31. Kc3 Rc8
32. b3 axb3 33. axb3 Kg6 34. e4 Kg5 35. g3 fxe4 36. f4+ exf4 37. Rxf4 f5 38.
h4+ Kg6 39. Rf1 Bxc4 40. bxc4 Rd8 41. Rg1 Kh5 42. Rf1 Kg4 43. Rf4+ Kxg3 44.
Rxf5 Kxh4 45. Rf4+ Kg3 46. Rxe4 h5 47. Re3+ Kf4 48. Re7 h4 49. Rh7 Kg3 50.
c5 h3 51. Kc4 h2 52. c6 Kg2 53. Kc5 h1=Q 54. Rxh1 Kxh1 55. c7 Rc8 56. Kc6
Rxc7+ 57. Kxc7 {Game drawn because neither player has mating material}
1/2-1/2

[Event "ICC tourney 1932 (15 5)"]
[Site "Internet Chess Club"]
[Date "2020.07.24"]
[Round "2"]
[White "watermelon"]
[Black "harkerchess"]
[Result "0-1"]
[ICCResult "White checkmated"]
[WhiteElo "1334"]
[BlackElo "1486"]
[Opening "QGD semi-Slav: Chigorin defense"]
[ECO "D45"]
[NIC "SL.08"]
[Time "18:00:38"]
[TimeControl "900+5"]

1. d4 d5 2. c4 c6 3. Nc3 Nf6 4. e3 e6 5. Nf3 Bd6 6. Bd3 Nbd7 7. O-O O-O 8.
Qc2 h6 9. Bd2 e5 10. dxe5 Nxe5 11. Nxe5 Bxe5 12. cxd5 Nxd5 13. Nxd5 cxd5 14.
Bc3 Bd6 15. Bd4 Be6 16. Bf5 Rc8 17. Qd3 Qg5 18. Bxe6 fxe6 19. Rac1 Rxc1 20.
Rxc1 b6 21. Qe2 e5 22. Bc3 Bc5 23. Bd2 Qf5 24. b4 Bd6 25. Rc6 Rf6 26. h3 e4
27. Rc1 Rg6 28. Qb5 Qe5 29. Rc8+ Kh7 30. Qe8 Qh2+ 31. Kf1 Qxg2+ 32. Ke2 Qf3+
33. Ke1 Rg1# {White checkmated} 0-1

[Event "ICC tourney 1932 (15 5)"]
[Site "Internet Chess Club"]
[Date "2020.07.24"]
[Round "2"]
[White "Bo002"]
[Black "Aleksandrov73"]
[Result "0-1"]
[ICCResult "White resigns"]
[WhiteElo "1934"]
[BlackElo "1825"]
[Opening "Catalan: open, 5.Nf3"]
[ECO "E04"]
[NIC "CA.03"]
[Time "18:00:44"]
[TimeControl "900+5"]

1. d4 Nf6 2. c4 e6 3. g3 d5 4. Bg2 dxc4 5. Nf3 Nc6 6. O-O Rb8 7. e3 b5 8.
Qe2 Be7 9. Rd1 O-O 10. b3 cxb3 11. axb3 a6 12. e4 Bb7 13. Bb2 Re8 14. Nc3
Bb4 15. Qc2 Bf8 16. e5 Nd7 17. Ne4 Nb4 18. Qb1 h6 19. Ba3 Nd5 20. Bxf8 Rxf8
21. b4 Qe7 22. Nc5 Nxc5 23. bxc5 Nc3 24. Qc2 Nxd1 25. Rxd1 Bd5 26. Nd2 Bxg2
27. Kxg2 Qd7 28. Ne4 Qd5 29. Kg1 b4 30. Qd3 Rfd8 31. Qe3 b3 32. Nc3 Qc4 33.
d5 exd5 34. e6 fxe6 35. Qxe6+ Kh8 36. Nxd5 b2 37. Qf5 Rxd5 38. Rxd5 b1=Q+
{White resigns}
0-1

[Event "ICC tourney 1932 (15 5)"]
[Site "Internet Chess Club"]
[Date "2020.07.24"]
[Round "2"]
[White "Venom2020"]
[Black "TjkTiger"]
[Result "0-1"]
[ICCResult "White forfeits on time"]
[WhiteElo "1582"]
[BlackElo "2257"]
[Opening "Sicilian: accelerated fianchetto, modern variation with Bc4"]
[ECO "B35"]
[NIC "SI.43"]
[Time "18:00:39"]
[TimeControl "900+5"]

1. e4 c5 2. Nf3 g6 3. d4 cxd4 4. Nxd4 Bg7 5. Nc3 Nc6 6. Be3 Nf6 7. Bc4 O-O
8. Bb3 Re8 9. O-O d6 10. h3 Na5 11. f4 b6 12. Qd3 Nxb3 13. axb3 Bb7 14. Rad1
Nd7 15. Bf2 a6 16. Rfe1 b5 17. Nf3 Qc8 18. Bd4 Bxd4+ 19. Qxd4 Qc5 20. Qxc5
Nxc5 21. e5 dxe5 22. Nxe5 Red8 23. Rxd8+ Rxd8 24. Rd1 Rxd1+ 25. Nxd1 f6 26.
Ng4 Ne6 27. g3 Nd4 28. Nge3 Be4 29. Nc3 Bxc2 30. Ncd5 Bxb3 31. Nxe7+ Kf7 32.
N7d5 a5 33. Kf2 Ke6 34. Nc7+ Kd6 35. Ne8+ Ke7 36. Nc7 b4 37. Ncd5+ Ke6 38.
Nc7+ Kd6 39. Ne8+ Ke7 40. Nc7 f5 41. g4 Kd6 42. Ne8+ Kc5 43. Nf6 a4 44. Nd7+
Kb5 45. Ne5 a3 46. bxa3 bxa3 {White forfeits on time} 0-1

[Event "ICC tourney 1932 (15 5)"]
[Site "Internet Chess Club"]
[Date "2020.07.24"]
[Round "2"]
[White "helavir"]
[Black "MrNormalName"]
[Result "1-0"]
[ICCResult "Black forfeits on time"]
[WhiteElo "1911"]
[BlackElo "1670"]
[Opening "Ruy Lopez: Berlin defense"]
[ECO "C65"]
[NIC "RL.07"]
[Time "18:01:30"]
[TimeControl "900+5"]

1. e4 e5 2. Nf3 Nc6 3. Bb5 Nf6 4. d3 Bc5 5. c3 O-O 6. O-O d6 7. Nbd2 Ne7 8.
d4 exd4 9. cxd4 Bb6 10. h3 d5 11. e5 Ne4 12. Bd3 Bf5 13. Qc2 Nxd2 14. Bxd2
Qd7 15. Bb4 Bxd3 16. Qxd3 Rfe8 17. Bxe7 Qxe7 18. Rfe1 Rac8 19. Rad1 h6 20.
a3 Red8 21. Re2 c6 22. Rde1 Re8 23. Kh1 Ba5 24. b4 Bb6 25. Nh2 Qh4 26. g4
Qg5 27. Qg3 f5 28. Nf3 f4 29. Qh2 Qg6 30. Qxf4 Rf8 31. Qe3 Qe4 32. Kg2 Qf4
33. Rd1 Rf7 34. Nh4 Rcf8 35. e6 {Black forfeits on time} 1-0

[Event "ICC tourney 1932 (15 5)"]
[Site "Internet Chess Club"]
[Date "2020.07.24"]
[Round "2"]
[White "EsatERGIN"]
[Black "espark"]
[Result "1-0"]
[ICCResult "Black resigns"]
[WhiteElo "1603"]
[BlackElo "1701"]
[Opening "Robatsch defense: two knights variation"]
[ECO "B06"]
[NIC "KF.05"]
[Time "18:01:03"]
[TimeControl "900+5"]

1. e4 g6 2. d4 Bg7 3. Nc3 d6 4. Nf3 a6 5. Be3 b5 6. Bd3 Bb7 7. Ne2 Nd7 8.
Qd2 c5 9. c3 Ngf6 10. Bh6 O-O 11. Ng3 e5 12. O-O Rc8 13. dxe5 Nxe5 14. Nxe5
dxe5 15. Bxg7 Kxg7 16. Rad1 h6 17. f4 c4 18. Bc2 Qxd2 19. Rxd2 exf4 20. Rxf4
Rcd8 21. Rdf2 Nd7 22. h4 h5 23. Ne2 Nc5 24. Nd4 Rde8 25. Re2 Re7 26. g4 hxg4
27. Rxg4 Kh6 28. h5 Re5 29. hxg6 fxg6 30. Rh2+ Kg7 31. Nf5+ Kf6 32. Nd6 Rg8
33. Rf4+ Ke6 34. Nf7 Rh5 35. Rhf2 Nd7 36. Bd1 Rc5 37. Bg4+ Ke7 38. Nh6 Rf8
39. Rf7+ Rxf7 40. Rxf7+ Ke8 41. Bxd7+ Kd8 42. Bg4 Bxe4 43. Rf6 Rg5 44. Nf7+
{Black resigns}
1-0

[Event "ICC tourney 1932 (15 5)"]
[Site "Internet Chess Club"]
[Date "2020.07.24"]
[Round "2"]
[White "LChessMaster"]
[Black "vyomvidy"]
[Result "0-1"]
[ICCResult "White forfeits on time"]
[WhiteElo "1589"]
[BlackElo "1631"]
[Opening "QGD Slav: Dutch variation"]
[ECO "D18"]
[NIC "SL.05"]
[Time "18:00:41"]
[TimeControl "900+5"]

1. d4 d5 2. c4 dxc4 3. Nf3 Nf6 4. Nc3 c6 5. a4 Bf5 6. e3 e6 7. Bxc4 Bb4 8.
O-O Nbd7 9. Qb3 a5 10. Bd2 O-O 11. h3 Qe7 12. Nh4 Bg6 13. Nxg6 hxg6 14. e4
Bxc3 15. Bxc3 Nxe4 16. Qxb7 Nd6 17. Qb3 Nxc4 18. Qxc4 c5 19. dxc5 Nxc5 20.
b4 Nb7 21. b5 Rac8 22. Qd4 f6 23. Bb2 Rfd8 24. Qg4 g5 25. Rfe1 e5 26. Rac1
Rxc1 27. Rxc1 Qf7 28. Qc4 Rd1+ 29. Kh2 Rxc1 30. Qxc1 Qb3 31. Qc8+ Kh7 32.
Qxb7 Qxb2 33. Qc6 Qxf2 34. Qf3 Qd4 35. Qf5+ Kh6 36. Qf3 e4 37. Qe2 Qxa4 38.
Qb2 e3 39. b6 Qf4+ 40. g3 Qf1 {White forfeits on time} 0-1

[Event "ICC tourney 1932 (15 5)"]
[Site "Internet Chess Club"]
[Date "2020.07.24"]
[Round "2"]
[White "drberkley"]
[Black "firetiger"]
[Result "0-1"]
[ICCResult "White checkmated"]
[WhiteElo "1485"]
[BlackElo "2530"]
[Opening "King's pawn opening"]
[ECO "B07"]
[NIC "VO.17"]
[Time "18:01:30"]
[TimeControl "900+5"]

1. e4 d6 2. Nc3 Nf6 3. f4 c5 4. Nf3 Nc6 5. Bb5 Bd7 6. d3 a6 7. Bxc6 Bxc6 8.
O-O e6 9. f5 e5 10. Bg5 Be7 11. Qe1 Nd7 12. Qg3 Bxg5 13. Nxg5 O-O 14. Rf2
Nf6 15. Qh3 h6 16. Nf3 b5 17. g4 b4 18. Ne2 Nh7 19. f6 Nxf6 20. g5 Bd7 21.
Qg2 Ng4 22. gxh6 g6 23. h7+ Kh8 24. Raf1 f5 25. Qg3 f4 26. Qh4 Qxh4 27. Nxh4
Kxh7 28. Rf3 Ne3 29. Rc1 g5 30. Nf5 Bxf5 31. exf5 g4 32. Rf2 Rxf5 33. c3 a5
34. cxb4 axb4 35. a3 bxa3 36. bxa3 Rxa3 37. Nc3 Kg6 38. Rd2 Kf6 39. Nb5 Ra6
40. Rb1 Rb6 41. Rdb2 Kg6 42. Nc3 Rxb2 43. Rxb2 Rf8 44. Ne4 Nf5 45. Rb6 Ra8
46. Nxd6 Nxd6 47. Rxd6+ Kf5 48. Kg2 Ra2+ 49. Kg1 Rd2 50. Rd8 Ke6 51. Re8+
Kf6 52. Rf8+ Ke7 53. Rg8 Rxd3 54. Rxg4 c4 55. Rg2 c3 56. Rc2 e4 57. Kf1 Kf6
58. Ke1 Ke5 59. Ra2 Kd4 60. Ra4+ Ke3 61. Ra1 Rd2 62. h4 Rh2 63. Ra3 Rh1#
{White checkmated}
0-1

[Event "ICC tourney 1932 (15 5)"]
[Site "Internet Chess Club"]
[Date "2020.07.24"]
[Round "2"]
[White "aquilesboy"]
[Black "Sricharan07"]
[Result "1/2-1/2"]
[ICCResult "Game drawn by mutual agreement"]
[WhiteElo "1339"]
[BlackElo "1520"]
[Opening "King's Indian: Andersson variation"]
[ECO "E92"]
[NIC "KI.18"]
[Time "18:00:44"]
[TimeControl "900+5"]

1. c4 Nf6 2. Nf3 g6 3. Nc3 d6 4. d4 Bg7 5. e4 O-O 6. Be2 e5 7. dxe5 dxe5 8.
Qxd8 Rxd8 9. Nd5 Nxd5 10. cxd5 c6 11. Bg5 f6 12. Be3 cxd5 13. exd5 Nd7 14.
O-O Nb6 15. Bxb6 axb6 16. Rfd1 Bf5 17. Ne1 Ra5 18. Bc4 Rc5 19. Bb3 Rd6 20.
Nd3 Bxd3 21. Rxd3 f5 22. Rad1 e4 23. R3d2 Bh6 24. Re2 Kf8 25. g3 Bg7 26. h4
Bf6 27. Kg2 Rc7 28. f3 exf3+ 29. Kxf3 h6 30. Rde1 Rc8 31. Re6 Rcd8 32. Rxd6
Rxd6 33. Re6 Rxe6 34. dxe6 Bxb2 35. Bd5 Ke7 36. Bb3 Kf6 37. Bd5 b5 38. Bb3
Bc3 39. Bd5 b6 40. Bb3 Be1 41. Bd5 g5 42. hxg5+ hxg5 43. Bb3 Bb4 44. Ke3 Bd6
45. Kf3 Ke5 46. Ke3 Bc5+ 47. Kf3 Kf6 48. Bd5 Bd4 49. Bb3 Bg1 50. Bd5 Bc5 51.
Bb3 Ke5 52. Kg2 Kd4 53. Bc2 Ke5 54. Bb3 Bd6 55. Kf3 f4 56. gxf4+ gxf4 57.
Kf2 Ke4 58. Bc2+ Kd4 59. Bb3 Ke5 60. Kf3 Bc5 61. Ke2 Kf5 62. Kf3 Kg5 63. Bd5
Bd6 64. Bb3 Kf5 65. Bd5 Bc5 66. Bb3 Ke5 67. Ke2 Kf6 68. Kf3 Be3 69. Bd5 Bd2
70. Bb3 Ke7 71. Ke4 Kd6 72. Kf3 Bc1 73. Ke4 Ke7 74. Kf3 Be3 75. Ke4 Bd2 76.
Bd5 b4 77. Bb3 Kd6 78. Kf3 b5 79. Ke4 Ke7 80. Bd5 Kf6 81. Kf3 Be3 82. Bb3
{Game drawn by mutual agreement}
1/2-1/2

[Event "ICC tourney 1932 (15 5)"]
[Site "Internet Chess Club"]
[Date "2020.07.24"]
[Round "2"]
[White "icommai"]
[Black "caracal"]
[Result "0-1"]
[ICCResult "White checkmated"]
[WhiteElo "1251"]
[BlackElo "1268"]
[Opening "QGD: Charousek (Petrosian) variation"]
[ECO "D31"]
[NIC "QP.08"]
[Time "18:00:37"]
[TimeControl "900+5"]

1. d4 d5 2. c4 e6 3. Nc3 Be7 4. Nf3 Nf6 5. cxd5 exd5 6. Bg5 h6 7. Bh4 c6 8.
e3 O-O 9. Bd3 Nbd7 10. O-O Re8 11. Qc2 Nf8 12. Ne5 Ng4 13. Bxe7 Qxe7 14.
Nxg4 Bxg4 15. Rab1 Qg5 16. Kh1 Ng6 17. Ne2 Nh4 18. Ng3 Qf6 19. f3 Bd7 20.
Qf2 Ng6 21. b4 a6 22. a4 Qe7 23. Rfe1 Nf8 24. b5 axb5 25. axb5 g6 26. bxc6
bxc6 27. Qc2 h5 28. Nf1 Reb8 29. Rxb8 Rxb8 30. Rb1 Qd6 31. Rxb8 Qxb8 32. Nd2
Kg7 33. Nb3 Ne6 34. Kg1 Qb4 35. Kf2 Qd6 36. g3 h4 37. Nc5 hxg3+ 38. hxg3 Ng5
39. Qb1 Bc8 40. Qb6 Qf6 41. Be2 Nxf3 42. Kg2 Ne1+ 43. Kg1 Nc2 44. Qc7 Nxe3
45. Qxc8 Qxd4 46. Nb3 Qb6 47. Kh2 Qxb3 48. Qxc6 Nf5 49. Qc7 Qe3 50. Qc2
Qxg3+ 51. Kh1 Qh3+ 52. Kg1 Qe3+ 53. Kh1 Qxe2 54. Qc3+ d4 55. Qh3 d3 56. Kg1
d2 57. Qc3+ Kh7 58. Qh3+ Kg8 59. Qd3 Qxd3 60. Kf2 Qg3+ 61. Ke2 Qe1+ 62. Kd3
d1=Q+ 63. Kc4 Qe4+ 64. Kc3 Qed4# {White checkmated} 0-1

[Event "ICC tourney 1932 (15 5)"]
[Site "Internet Chess Club"]
[Date "2020.07.24"]
[Round "2"]
[White "justinchess"]
[Black "sathviks"]
[Result "1-0"]
[ICCResult "Black resigns"]
[WhiteElo "2012"]
[BlackElo "1714"]
[Opening "English opening"]
[ECO "A05"]
[NIC "QP.11"]
[Time "18:00:50"]
[TimeControl "900+5"]

1. Nf3 Nf6 2. c4 g6 3. Nc3 Bg7 4. g3 O-O 5. Bg2 Nc6 6. d4 d5 7. cxd5 Nxd5 8.
O-O Nxc3 9. bxc3 e5 10. e3 Bg4 11. h3 Bf5 12. Ba3 Re8 13. Kh2 exd4 14. Nxd4
Nxd4 15. cxd4 Rb8 16. Rc1 c6 17. Qa4 Be6 18. Rfd1 Bd5 19. Bxd5 Qxd5 20. Qc4
Qf3 21. Rd2 Rbd8 22. Rb1 b6 23. Rc2 Re6 24. Rb3 c5 25. Rd3 Qf5 26. Rcd2 cxd4
27. Bb2 Red6 28. Bxd4 b5 29. Qc3 Bxd4 30. Rxd4 Rxd4 31. exd4 Rd5 32. Qe3 a5
33. Rb2 b4 34. Rd2 Kg7 35. Kg2 a4 36. Qe8 Rb5 37. Qe3 Qd5+ 38. Kh2 b3 39.
axb3 axb3 40. Qc3 Qb7 41. d5+ Kg8 42. d6 Qd7 43. Re2 b2 44. Re7 Qxd6 45.
Re8+ Qf8 46. Rxf8+ Kxf8 47. Qc8+ Kg7 48. Qc3+ Kf8 49. Qc8+ Kg7 50. Qc3+ Kh6
51. Qe3+ g5 52. Qf3 Rb6 53. Qxf7 b1=Q 54. Qf8+ Kh5 55. g4+ Kg6 56. Qg8+ Kf6
57. Qd8+ Ke5 58. Qxg5+ Kd6 59. Qd8+ Kc5 60. Qc7+ Rc6 61. Qe5+ Kb6 62. Qb8+
{Black resigns}
1-0

[Event "ICC tourney 1932 (15 5)"]
[Site "Internet Chess Club"]
[Date "2020.07.24"]
[Round "3"]
[White "sanjayselvam"]
[Black "NonnaThat"]
[Result "0-1"]
[ICCResult "White resigns"]
[WhiteElo "1520"]
[BlackElo "1745"]
[Opening "Queen's pawn: London system"]
[ECO "A45"]
[NIC "QP.07"]
[Time "19:00:44"]
[TimeControl "900+5"]

1. d4 Nf6 2. Bf4 e6 3. e3 b6 4. c3 Bb7 5. Nf3 d6 6. Be2 Be7 7. Nbd2 O-O 8.
O-O Nbd7 9. h3 Re8 10. Bd3 Bf8 11. e4 e5 12. Bg5 h6 13. Bxf6 Nxf6 14. d5 g6
15. Re1 Bg7 16. Nf1 Nh5 17. g3 Qd7 18. h4 f5 19. exf5 gxf5 20. Nxe5 dxe5 21.
Qxh5 Qxd5 22. Be4 fxe4 23. Ne3 Qf7 24. Qg4 Rf8 25. Rf1 Ba6 26. Qxe4 Bxf1 27.
Rxf1 Rad8 28. Qg4 h5 29. Qg5 Rd6 30. f4 Rg6 31. Qxh5 Rxg3+ {White resigns}
0-1

[Event "ICC tourney 1932 (15 5)"]
[Site "Internet Chess Club"]
[Date "2020.07.24"]
[Round "3"]
[White "espark"]
[Black "flybamboo"]
[Result "1-0"]
[ICCResult "Black checkmated"]
[WhiteElo "1701"]
[BlackElo "1291"]
[Opening "French: Winawer, advance, 6...Ne7"]
[ECO "C18"]
[NIC "FR.11"]
[Time "19:00:13"]
[TimeControl "900+5"]

1. e4 e6 2. d4 d5 3. Nc3 Bb4 4. e5 c5 5. a3 Bxc3+ 6. bxc3 Ne7 7. h4 Nbc6 8.
h5 Nf5 9. h6 g6 10. Nf3 Qa5 11. Bd2 Qb6 12. Rb1 Qa5 13. Rb5 Qxa3 14. Rxc5
Bd7 15. Bc1 Qa2 16. Bg5 b5 17. Bxb5 Rb8 18. O-O Nxe5 19. Nxe5 Bxb5 20. c4
Bxc4 21. Nxc4 dxc4 22. d5 Qa3 23. dxe6 fxe6 24. Rc7 Qd6 25. Qxd6 Nxd6 26.
Re7+ Kf8 27. Rxe6 Nf7 28. Be7+ Ke8 29. Bf6+ Kd7 30. Re7+ Kd6 31. Rd1+ Kc5
32. Rxf7 Rhf8 33. Rxf8 Rxf8 34. Be7+ Kb5 35. Bxf8 Ka4 36. Rd7 a5 37. Rxh7 c3
38. Ra7 g5 39. h7 g4 40. h8=Q g3 41. Qh4+ Kb5 42. Qxg3 Ka4 43. Qf4+ Kb5 44.
Qb8+ Ka4 45. Qe8# {Black checkmated} 1-0

[Event "ICC tourney 1932 (15 5)"]
[Site "Internet Chess Club"]
[Date "2020.07.24"]
[Round "3"]
[White "AmyMGL"]
[Black "Sricharan07"]
[Result "0-1"]
[ICCResult "White checkmated"]
[WhiteElo "1379"]
[BlackElo "1527"]
[Opening "French: Winawer, advance, poisoned pawn variation"]
[ECO "C18"]
[NIC "FR.11"]
[Time "19:00:28"]
[TimeControl "900+5"]

1. e4 e6 2. d4 d5 3. Nc3 Bb4 4. e5 c5 5. a3 Bxc3+ 6. bxc3 Ne7 7. Qg4 Qc7 8.
Bd2 Nbc6 9. Qxg7 Rg8 10. Qxh7 cxd4 11. f4 dxc3 12. Bc1 Bd7 13. Nf3 O-O-O 14.
Qd3 d4 15. a4 Nf5 16. Ng5 Nb4 17. Qe2 d3 18. cxd3 Nd4 19. Qd1 Nbc2+ 20. Kf2
Rxg5 21. fxg5 Nxa1 22. Bf4 Nab3 23. Be2 c2 24. Qe1 Qc5 25. Bh5 Nf5+ 26. Kf3
Bc6+ 27. Kg4 Rxd3 28. Bxf7 Bd5 29. Qe2 Rd4 30. Kh5 Rxf4 31. g6 Rh4+ 32. Kg5
Qe7# {White checkmated} 0-1

[Event "ICC tourney 1932 (15 5)"]
[Site "Internet Chess Club"]
[Date "2020.07.24"]
[Round "3"]
[White "TjkTiger"]
[Black "Aryangambit"]
[Result "1-0"]
[ICCResult "Black checkmated"]
[WhiteElo "2251"]
[BlackElo "1774"]
[Opening "King's Indian: fianchetto, Panno variation"]
[ECO "E63"]
[NIC "KI.71"]
[Time "19:00:14"]
[TimeControl "900+5"]

1. c4 Nf6 2. Nc3 g6 3. g3 Bg7 4. Bg2 O-O 5. d4 d6 6. Nf3 Nc6 7. O-O a6 8. d5
Na5 9. b3 c5 10. dxc6 Nxc6 11. Be3 Ng4 12. Bd2 Nge5 13. Nxe5 dxe5 14. Rc1
Nd4 15. e3 Nc6 16. Qe2 Bf5 17. Rfd1 Bd3 18. Qe1 Rc8 19. Nd5 e6 20. Nb4 e4
21. Nxd3 exd3 22. Bc3 Bxc3 23. Qxc3 Qb6 24. Rxd3 Nb4 25. Rd2 Rfd8 26. Rxd8+
Rxd8 27. c5 Qb5 28. a4 Qa5 29. Bxb7 Rd7 30. c6 Rc7 31. Rd1 Re7 32. Rd7 Rxd7
33. cxd7 Kf8 34. Qc8+ Ke7 35. Qe8+ Kf6 36. d8=Q+ Qxd8 37. Qxd8+ Kg7 38. Qd4+
Kh6 39. Qxb4 a5 40. Qf8+ Kg5 41. Qxf7 e5 42. f4+ Kg4 43. Qe6+ Kh5 44. Qh3#
{Black checkmated}
1-0

[Event "ICC tourney 1932 (15 5)"]
[Site "Internet Chess Club"]
[Date "2020.07.24"]
[Round "3"]
[White "caracal"]
[Black "JosephLevine"]
[Result "0-1"]
[ICCResult "White resigns"]
[WhiteElo "1259"]
[BlackElo "1440"]
[Opening "QGD semi-Slav"]
[ECO "D43"]
[NIC "QO.16"]
[Time "19:00:09"]
[TimeControl "900+5"]

1. d4 d5 2. c4 e6 3. Nc3 Nf6 4. Nf3 c6 5. Bf4 dxc4 6. a4 Bb4 7. e3 Nd5 8.
Rc1 b5 9. Be5 O-O 10. axb5 cxb5 11. h4 Nd7 12. Bg3 N7f6 13. Be2 Ne4 14. O-O
Nxg3 15. Nxd5 Nxe2+ 16. Qxe2 exd5 17. Ng5 h6 18. Qh5 hxg5 19. hxg5 Qd7 20.
f3 Qf5 21. Kf2 Qh7 22. Qxh7+ Kxh7 23. Rh1+ Kg6 24. f4 f6 25. gxf6 Rxf6 26.
Kf3 Bf5 27. g4 Be4+ 28. Kg3 Bxh1 {White resigns} 0-1

[Event "ICC tourney 1932 (15 5)"]
[Site "Internet Chess Club"]
[Date "2020.07.24"]
[Round "3"]
[White "sathviks"]
[Black "hackerguru"]
[Result "1-0"]
[ICCResult "Black resigns"]
[WhiteElo "1730"]
[BlackElo "1472"]
[Opening "Sicilian: Nimzovich-Rossolimo attack (with ...g6, without ...d6)"]
[ECO "B31"]
[NIC "SI.31"]
[Time "19:00:13"]
[TimeControl "900+5"]

1. e4 c5 2. Nf3 Nc6 3. Bb5 g6 4. O-O Bg7 5. c3 a6 6. Ba4 b5 7. Bc2 c4 8. b3
cxb3 9. axb3 e5 10. d4 d6 11. Qe2 exd4 12. Bg5 Nge7 13. Nxd4 Nxd4 14. cxd4
Bxd4 15. Ra2 Bg7 16. Rd1 Be6 17. Bf4 Nc6 18. Rxd6 Qc8 19. Bd3 Nd4 20. Qe3
Nxb3 21. Rc2 Qb7 22. Rxe6+ fxe6 23. Rc7 Bd4 24. Qxd4 Nxd4 25. Rxb7 Rd8 26.
Bg5 Rc8 27. Rb6 O-O 28. Rxa6 Rc5 29. Be3 e5 30. h3 b4 31. Rb6 b3 32. Nd2 Rc3
33. Bc4+ Kh8 34. Bh6 Rc8 35. Rb7 R8xc4 36. Nxc4 Rxc4 37. Rb8+ {Black
resigns} 1-0